 Dungeon Crawl Stone Soup version 0.18.1-48-g4cf74bf (webtiles) character file.

728 Galewin the Cleaver (level 7, -1/85 HPs)
             Began as a Red Draconian Berserker on July 30, 2016.
             Was an Elder of Trog.
             Slain by a gnoll sergeant
             ... wielding a +3 spear of freezing
              (10 damage)
             ... on level 5 of the Dungeon.
             The game lasted 00:07:23 (2494 turns).

Galewin the Cleaver (Red Draconian Berserker)       Turns: 2494, Time: 00:07:24

Health: -1/85      AC:  9    Str: 26    XL:     7   Next: 44%
Magic:  7/7        EV: 12    Int:  8    God:    Trog [****..]
Gold:   142        SH:  0    Dex: 10    Spells: 0 memorised, 6 levels left

rFire  + . .     SeeInvis .     a - +0 hand axe
rCold  . . .     Gourm    +     (armour unavailable)
rNeg   . . .     Faith    .     (no shield)
rPois  .         Spirit   .     (helmet restricted)
rElec  .         Dismiss  .     (no cloak)
rCorr  .         Reflect  .     q - +2 pair of gloves
SustAt .         Harm     .     (no boots)
MR     .....                    v - amulet of the gourmand
Stlth  ..........               (no ring)
                                (no ring)

@: berserking, short of breath, slowed, not resistant to hostile enchantments,
extremely unstealthy
A: breathe fire, unfitting armour, fire resistance 1, cold-blooded, AC +6
a: Breathe Fire, Berserk, Trog's Hand, Brothers in Arms, Burn Spellbooks,
Renounce Religion


You were on level 5 of the Dungeon.
You worshipped Trog.
Trog was greatly pleased with you.
You were not hungry.

You visited 1 branch of the dungeon, and saw 5 of its levels.

You collected 142 gold pieces.

Inventory:

Hand Weapons
 a - a +0 hand axe (weapon)
Armour
 q - a +2 pair of gloves (worn)
Jewellery
 m - an uncursed ring of protection from cold {unknown}
 o - an uncursed ring of sustain attributes {unknown}
 v - an amulet of the gourmand (around neck)
Wands
 u - a wand of polymorph (24/24)
Scrolls
 d - a scroll of enchant armour
 h - a scroll of remove curse
 i - 2 scrolls of teleportation
Potions
 e - a potion of cancellation {unknown}
 f - a potion of mutation {unknown}
 g - a potion of heal wounds {unknown}
 j - a potion of haste {unknown}
 k - a potion of berserk rage {unknown}
 n - a potion of degeneration {unknown}
 r - a potion of curing {unknown}
 t - a potion of agility {unknown}
Comestibles
 b - 7 bread rations
 c - a slice of pizza
 l - a meat ration
 p - a beef jerky


   Skills:
 - Level 3.2 Fighting
 + Level 8.8 Axes
 - Level 2.6 Dodging


You had 6 spell levels left.
You didn't know any spells.

Dungeon Overview and Level Annotations

Branches:
Dungeon (5/15)             Temple (0/1) D:4

Altars:
Makhleb
Nemelex Xobeh

Shops:
D:4 (


Innate Abilities, Weirdness & Mutations

You can breathe blasts of fire.
Your fiery red scales are hard (AC +6).
Your body does not fit into most forms of armour.
Your flesh is heat resistant.
You are cold-blooded and may be slowed by cold attacks.


Message History

You feel yourself moving faster!
You feel mighty!
You feel somewhat more hungry.
The gnoll sergeant hits you from afar with a spear of freezing!
* * * LOW HITPOINT WARNING * * *
The gnoll sergeant freezes you.
* * * LOW HITPOINT WARNING * * *
The gnoll barely misses you.
The gnoll sergeant hits you from afar with a spear of freezing.
* * * LOW HITPOINT WARNING * * *
You feel as though you will be slow longer.
The gnoll sergeant freezes you.
* * * LOW HITPOINT WARNING * * *
You hit the gnoll.
The gnoll is severely wounded.
The gnoll hits you but does no damage.
You barely miss the gnoll. You tail-slap the gnoll.
You kill the gnoll!
Trog accepts your kill.
The gnoll sergeant hits you from afar with a spear of freezing!
You die...

,,,,,,,,*,,,,*,,,,,,,*,,*,,,,+,,,
,,,,,,,,+..,,*,,,,,,,+,,*,,,,*,,,
,,,,,,,,*...,*,,,,,,,*,,*,,,,****
,,,,,,,,*....*,,**,,**+**,,,,,,,,
,,**,,***....#+###,,**,,*****,,,,
,,*******##......#,,,,,,,,,,*,,,,
,,,,,,,,,.'...g§.#,,,,,,,,,,*,,,,
,,,,,,,,,,#....).#########,,*,,,,
,,**,,****#.....@........#,,*,.,,
,,**,,*,,...###'#).......#+##..,,
,,,,,,*,,,,,*...#..............,,
,,,,,,*,,,,,#...#..............,,
,,,,,,*,,,,,#...#..............,,
,,,,,,*,,,,,+...#..............,,
,,,,,,*,,,,,#...#....########..,,
****,,*,,,,,#...#....# *,,,**+**
****,,**,,,,*,,,#....# *,,,,,,,*


You could see a gnoll sergeant.

Vanquished Creatures
  The ghost of Heedrag the Conjurer, an amateur DECj (D:3)
  A phantom (D:5)
  A centaur (D:5)
  2 orc priests (D:4)
  A giant frog skeleton (D:3)
  A hound (D:4)
  3 iron imps (D:4)
  An orc wizard (D:4)
  4 gnolls (D:5)
  8 adders
  3 oozes
  2 worms (D:4)
  A dart slug (D:3)
  7 giant geckos
  11 orcs
  A ball python (D:1)
  2 giant cockroaches (D:1)
  6 goblins
  8 hobgoblins
  16 jackals
  9 bats
  A giant gecko skeleton (D:4)
  5 giant newts
  2 kobolds (D:1)
  3 rats
100 creatures vanquished.

Notes
Turn   | Place    | Note
--------------------------------------------------------------
     0 | D:1      | Galewin the Draconian Berserker began the quest for the Orb.
     0 | D:1      | Reached XP level 1. HP: 19/19 MP: 1/1
   154 | D:1      | Found a sparkling altar of Nemelex Xobeh.
   181 | D:1      | Reached XP level 2. HP: 22/26 MP: 2/2
   322 | D:1      | Reached skill level 4 in Axes
   522 | D:2      | Reached ** piety under Trog
   522 | D:2      | Reached XP level 3. HP: 25/31 MP: 3/3
   877 | D:2      | Reached XP level 4. HP: 27/38 MP: 4/4
   987 | D:2      | Reached skill level 5 in Axes
  1312 | D:3      | Reached *** piety under Trog
  1361 | D:3      | Noticed Heedrag's ghost (amateur DECj)
  1368 | D:3      | Killed Heedrag's ghost
  1368 | D:3      | Reached skill level 6 in Axes
  1368 | D:3      | Reached XP level 5. HP: 45/45 MP: 5/5
  1654 | D:3      | Reached XP level 6. HP: 41/51 MP: 6/6
  1703 | D:4      | Found Xuicotio's Weapon Shop.
  1711 | D:4      | Reached skill level 7 in Axes
  1799 | D:4      | Found a staircase to the Ecumenical Temple.
  2023 | D:4      | Reached **** piety under Trog
  2227 | D:4      | Found a burning altar of Makhleb.
  2247 | D:4      | Reached skill level 8 in Axes
  2247 | D:4      | Your scales start taking on a fiery red colour.
  2247 | D:4      | Reached XP level 7. HP: 57/57 MP: 7/7
  2247 | D:4      | Gained mutation: Your flesh is heat resistant. [Red Draconian growth]
  2337 | D:5      | Entered Level 5 of the Dungeon
  2494 | D:5      | Slain by a gnoll sergeant

Skill      XL: |  1  2  3  4  5  6 |
---------------+-------------------+-----
Axes           | 4 6 8 |  8.8
Fighting       | |  3.2
Dodging        | |  2.6

Action                   |  1- 3 |  4- 6 |  7- 9 || total
-------------------------+-------+-------+-------++-------
Melee: Hand axe          |   103 |   185 |    36 ||   324
       Tailslap          |     8 |    21 |     6 ||    35
Invok: Burn Spellbooks   |     1 |     1 |       ||     2
       Berserk           |       |     3 |     1 ||     4
 Abil: Breathe Fire      |       |       |     3 ||     3
  Use: Scroll            |     3 |     4 |     2 ||     9
  Eat: Chunk             |       |    19 |     2 ||    21
Armor: Skin              |    37 |    73 |    10 ||   120
Dodge: Dodged            |    82 |   123 |    18 ||   223
